 Dungeon Crawl Stone Soup version 0.31-a0-521-gc7390f8997 (webtiles) character file.

Game seed: 12440873214622421693

1336 gruber the Frost Mage (level 8, 0/52 HPs)
             Began as a Merfolk Ice Elementalist on Aug 10, 2023.
             Slain by a phantom (1 damage)
             ... on level 6 of the Dungeon.
             The game lasted 00:08:00 (5468 turns).

gruber the Frost Mage (Merfolk Ice Elementalist)    Turns: 5468, Time: 00:08:02

Health: 0/52       AC:  7    Str: 12    XL:     8   Next: 61%
Magic:  5/11       EV: 15    Int: 15    God:
Gold:   268        SH:  0    Dex: 14    Spells: 4/11 levels left

rFire   . . .        D - staff of cold
rCold   + . .        (no shield)
rNeg    . . .        i - +0 leather armour
rPois   .            (helmet currently unavailable)
rElec   .            m - melded +0 cloak
rCorr   .            (gloves currently unavailable)
SInv    .            (boots currently unavailable)
Will    .....        (no amulet)
Stlth   ++           q - +4 ring of protection
HPRegen 0.28/turn    s - ring of wizardry
MPRegen 0.12/turn

%: wizardry (x1)
@: lethally poisoned (0 -> -9), beast-form, slowed, very slow
A: beast (slay +3), (nimble swimmer 2), mertail, horns 1, strong 1
a: Begin Untransformation


You were on level 6 of the Dungeon.
You were a hulking beast.
You visited 1 branch of the dungeon, and saw 7 of its levels.
You also visited: Sewer.

You collected 268 gold pieces.

Inventory:

Armour
 i - a +0 leather armour (worn)
 m - a +0 cloak (melded)
Magical Staves
 D - a staff of cold (weapon)
Jewellery
 d - a ring of fire
 q - a +4 ring of protection (left hand)
 s - a ring of wizardry (right hand)
 u - a ring of fire
 z - a ring of willpower
 A - a ring of magical power
Talismans
 B - a beast talisman (active)
Scrolls
 a - a scroll of immolation {unknown}
 c - 2 scrolls of amnesia {unknown}
 e - 5 scrolls of teleportation {unknown}
 g - 6 scrolls of identify {unknown}
 h - 2 scrolls of poison {unknown}
 k - a scroll of enchant weapon {unknown}
 l - a scroll of enchant armour {unknown}
 n - 4 scrolls of blinking {unknown}
 v - a scroll of fear {unknown}
 y - 2 scrolls of vulnerability {unknown}
Potions
 b - a potion of magic
 f - 2 potions of might {unknown}
 j - 3 potions of mutation
 o - 3 potions of curing {unknown}
 p - 3 potions of haste {unknown}
 r - a potion of heal wounds {unknown}
 t - 2 potions of attraction {unknown}
 w - a potion of degeneration {unknown}
 x - a potion of ambrosia {unknown}
 C - a potion of berserk rage {unknown}


   Skills:
 - Level 8.1 Dodging
 - Level 2.1 Stealth
 - Level 2.0 Spellcasting
 - Level 9.0 Ice Magic
 - Level 4.5 Shapeshifting


You had 4 spell levels left.
You knew the following spells:

 Your Spells              Type           Power      Damage    Failure   Level
a - Freeze                Ice            100%       1d10      1%          1
b - Frozen Ramparts       Ice            84%        1d13      1%          3
c - Ozocubu's Armour      Ice            42%        N/A       1%          3

Your spell library contained the following spells:

 Spells                   Type           Power      Damage    Failure   Level
 Magic Dart               Conj           4%         1d3       12%         1
 Poisonous Vapours        Pois/Air       2%         N/A       16%         2
 Searing Ray              Conj           2%         2d4       16%         2
 Summon Ice Beast         Ice/Summ       22%        N/A       17%         4
 Dazzling Flash           Conj/Hex       2%         N/A       32%         3
 Mephitic Cloud           Conj/Pois/Air  1%         N/A       32%         3
 Volatile Blastmotes      Fire/Tloc      2%         2d10      32%         3
 Fulminant Prism          Conj/Hex       0%         3d5       69%         4
 Freezing Cloud           Conj/Ice/Air   7%         6-21      63%         5
 Starburst                Conj/Fire      0%         6d3       100%        6
 Maxwell's Capacitive Co  Air            0%         ∞         100%        8


Dungeon Overview and Level Annotations

Branches:
Dungeon (7/15)              Sewer (visited)
 Temple: D:4-7

Altars:
Ashenzari
Kikubaaqudgha
Makhleb
Nemelex Xobeh
Okawaru
Ru
Sif Muna
Trog
Xom

Shops:
D:3 (   D:5 *

Annotations:
D:5 2 transporters, Vruhak's ghost, weakling FoDe


Innate Abilities, Weirdness & Mutations

You are a hulking beast.
Your limbs bulge with bestial killing power. (Slay +3)
((You are very nimble when in or above water. (Stealth+, EV+, Speed+++)))
Your lower body shifts to a powerful aquatic tail in water.
You have a pair of small horns on your head.
Your muscles are strong. (Str +4, Int/Dex -1)


Message History

You feel very sick.
You feel very sick.
You feel very sick.
You see here a +0 pair of boots.
You feel sick.
Casting: Ozocubu's Armour (safe; 1% risk of failure)
Confirm with . or Enter, or press ? or * to list all spells.
You feel a surge of power! A film of ice covers your body!
You feel sick. The phantom barely misses you.
Unknown command.
Unknown command.
Casting: Ozocubu's Armour (safe; 1% risk of failure)
Confirm with . or Enter, or press ? or * to list all spells.
Casting: Frozen Ramparts (safe; 1% risk of failure)
Press: ? - help, Dir - look around, f - activate You feel a surge of power!
The walls around you are covered in ice.
You feel sick.
The phantom completely resists.
The wall freezes the phantom but does no damage.
The phantom hits you.
* * * LOW HITPOINT WARNING * * *
The phantom blinks!
You blink.
Your icy armour cracks and falls away as you move.
The frozen ramparts melt away as you move.
The kobold brigand throws a curare-tipped dart.
The curare-tipped dart hits you.
You are more poisoned.
You have difficulty breathing.
* * * LOW HITPOINT WARNING * * *
You feel as though you will be slow longer.
The phantom hits you but does no damage.
Unknown command.
Unknown command.
It was a potion of mutation.
You feel extremely strange.
You feel stronger.
You feel less energetic. A pair of horns grows on your head!
You feel more energetic.
* * * LOW HITPOINT WARNING * * *
You feel very sick. The phantom hits you.
You die...

#....... #.......
###<...... #.........
######.#.#####. ######
##..§...#.# #.....#
#..######.# .......##K##
#.# .......h..# #.# #
.......W.## #.# ####
.........# #.###...
........## ##.##..#.
......... ......~~
........# ##.#.#~~~
.!......# #..#.~~~~
........########.....~~~
.(................#..~~~


You could see a kobold brigand and a phantom.

Vanquished Creatures
  A water moccasin (D:6)
  A black bear (D:5)
  A sky beast (D:6)
  An ogre (D:6)
  2 centaurs
  A bullfrog (D:6)
  4 scorpions
  A crimson imp (D:5)
  3 hounds
  Terence (D:3)
  2 iguanas
  An orc wizard (D:5)
  A sleepcap (D:3)
  3 gnolls (D:3)
  3 river rats (Sewer)
  11 adders
  A shadow imp (D:5)
  A white imp (D:6)
  An ufetubus (D:6)
  A worm (D:3)
  A dart slug (D:1)
  12 orcs
  3 endoplasms
  2 giant cockroaches (D:1)
  3 goblins (D:1)
  4 hobgoblins
  A quokka (D:2)
  12 ball pythons
  A bat (D:1)
  7 frilled lizards
  2 kobolds
  18 rats
107 creatures vanquished.

Notes
Turn   | Place    | Note
-------+----------+-------------------------------------------
     0 | D:1      | gruber the Merfolk Ice Elementalist began the quest for the
                  | Orb.
     0 | D:1      | Reached XP level 1. HP: 13/13 MP: 3/3
   295 | D:1      | Reached XP level 2. HP: 19/19 MP: 3/5
   500 | D:1      | Reached skill level 5 in Ice Magic
   866 | D:2      | Reached XP level 3. HP: 24/24 MP: 3/6
   870 | D:2      | Learned a level 3 spell: Frozen Ramparts
  1598 | D:3      | Found Vonin's Weapon Boutique.
  1613 | D:3      | Reached skill level 6 in Ice Magic
  1752 | D:3      | Reached XP level 4. HP: 30/30 MP: 5/7
  2093 | D:2      | Learned a level 3 spell: Ozocubu's Armour
  2330 | D:3      | Noticed Terence
  2334 | D:3      | Killed Terence
  2497 | D:3      | Reached XP level 5. HP: 32/35 MP: 0/8
  2620 | D:3      | Reached skill level 7 in Ice Magic
  2753 | D:4      | Found a broken altar of Ashenzari.
  2753 | D:4      | Found a sacrificial altar of Ru.
  2761 | D:4      | Found a sparkling altar of Nemelex Xobeh.
  2763 | D:4      | Found an iron altar of Okawaru.
  2765 | D:4      | Found an ancient bone altar of Kikubaaqudgha.
  3009 | D:4      | Reached skill level 8 in Ice Magic
  3009 | D:4      | Reached XP level 6. HP: 41/41 MP: 1/9
  3152 | D:4      | Found a bloodstained altar of Trog.
  3591 | D:5      | Entered Level 5 of the Dungeon
  3644 | D:5      | Reached skill level 9 in Ice Magic
  3644 | D:5      | Reached XP level 7. HP: 37/46 MP: 4/10
  3753 | D:5      | Found a shimmering altar of Xom.
  3754 | D:5      | Found a burning altar of Makhleb.
  3866 | D:5      | Reached skill level 5 in Dodging
  3927 | D:5      | Found a transporter.
  3944 | D:5      | Found a transporter.
  3959 | D:5      | Noticed Vruhak's ghost (weakling FoDe)
  3973 | D:5      | Found Qiwiasto's Serpentskin Sales.
  4068 | D:5      | Found a shimmering blue altar of Sif Muna.
  4475 | D:6      | Reached XP level 8. HP: 46/52 MP: 5/11
  4573 | D:6      | Found a glowing drain.
  4589 | Sewer    | Entered a sewer
  4917 | Sewer    | Reached skill level 1 in Shapeshifting
  5329 | D:6      | Noticed a cyclops
  5468 | D:6      | Gained mutation: Your muscles are strong. (Str +4, Int/Dex
                  | -1) [potion of mutation]
  5468 | D:6      | Gained mutation: Your magical capacity is low. (-10% MP)
                  | [potion of mutation]
  5468 | D:6      | Gained mutation: You have a pair of small horns on your
                  | head. [potion of mutation]
  5468 | D:6      | Lost mutation: Your magical capacity is low. (-10% MP)
                  | [potion of mutation]
  5468 | D:6      | HP: 1/52 [poisoned by a kobold brigand (curare-tipped
                  | dart)]
  5468 | D:6      | Slain by a phantom

Illustrated notes

Levels and vault maps discovered:
D:1:      shiori_arrival_maze, layout_loops_ring, corexii_corridor_pit
D:2:      layout_basic
D:3:      layout_loops_cross, serial_shops, nicolae_shop_hallway_stairs,
          grunt_decor_resistance, uniq_terence
D:4:      layout_gridville, chequers_temple_overflow_minitemple,
          mainiacjoe_overflow_tiny_flanked
D:5:      layout_cave_pools, grunt_temple_overflow_champion_of_chaos,
          led_sif_pool, gammafunk_ghost_arena, serial_column_ruins,
          column_ruins_circle_medium, column_ruins_square_medium,
          column_ruins_open_small, column_ruins_open_small,
          column_ruins_corridor_T, column_ruins_columns_T, column_ruins_grid_3,
          guppyfry_shop_venom
D:6:      hangedman_cross_stitches, layout_rooms,
          minmay_temple_entry_mini_moons, cheibrodos_sewer_entry_drain,
          kennysheep_generic_room_8
D:7:      layout_rooms, mainiacjoe_overflow_divided_tiny,
          kennysheep_generic_room_12

Skill      XL: |  1  2  3  4  5  6  7  8 |
---------------+-------------------------+-----
Ice Magic      | 5 6 8 9 |  9.0
Dodging        | 7 8 |  8.1
Shapeshifting  | 4 |  4.5
Stealth        | |  2.1
Spellcasting   | |  2.0

Action                     |  1- 3 |  4- 6 |  7- 9 || total
---------------------------+-------+-------+-------++-------
  Melee: Unarmed           |     3 |     8 |    11 ||    22
         Punch             |     1 |       |       ||     1
         Staff             |       |       |    28 ||    28
         Tailslap          |       |       |     1 ||     1
   Cast: Freeze            |    39 |    40 |    64 ||   143
         Frozen Ramparts   |     3 |    10 |    14 ||    27
         Ozocubu's Armour  |       |       |     3 ||     3
    Use: Potion            |       |       |     1 ||     1
   Stab: Sleeping          |       |       |     2 ||     2
 Armour: Leather armour    |     5 |    11 |    41 ||    57
  Dodge: Dodged            |    24 |    30 |   108 ||   162
   Form: Beast             |       |       |     1 ||     1

Table legend: (Time is in decaauts)
 A = Elapsed time spent in this place.
 B = Non-inter-level travel time spent in this place.
 C = Inter-level travel time spent in this place.
 D = Time resting spent in this place.
 E = Time spent auto-exploring this place.
 F = Levels seen in this place.
 G = Mean time per level.
                   A        B        C        D        E       F      G
               +--------+--------+--------+--------+--------+-----+--------+
         Total |   5440 |   5241 |    199 |     73 |   4353 |   8 |  680.0 |
       Dungeon |   4924 |   4725 |    199 |     73 |   3933 |   7 |  703.4 |
         Sewer |    516 |    516 |      0 |      0 |    420 |   1 |  516.0 |
               +--------+--------+--------+--------+--------+-----+--------+

Top non-repeatable levels by time:
     D:3: 979 daAuts
     D:2: 949 daAuts
     D:4: 926 daAuts
     D:5: 796 daAuts
     D:1: 733 daAuts
   Sewer: 516 daAuts
     D:6: 461 daAuts
     D:7: 76 daAuts
